 Dungeon Crawl Stone Soup version 0.25-a0-990-g0adbbaad2a (console) character file.

Game seed: 1936941345780392682, levelgen mode: classic

48 Duffy the Firebug (level 3, 30/36 HPs)
             Began as a Demonspawn Fire Elementalist on May 10, 2020.
             Quit the game on level 2 of the Dungeon.
             The game lasted 00:01:17 (736 turns).

Duffy the Firebug (Demonspawn Fire Elementalist)     Turns: 736, Time: 00:01:18

Health: 30/36      AC: 21    Str:  8    XL:     3   Next: 50%
Magic:  1/6        EV:  2    Int: 17    God:
Gold:   43         SH:  0    Dex: 13    Spells: 5/6 levels left

rFire    . . .     SeeInvis .   d - +0 spear
rCold    . . .     Gourm    .   (no shield)
rNeg     + + +     Faith    .   (armour currently unavailable)
rPois    +         Spirit   .   (helmet currently unavailable)
rElec    .         Reflect  .   (cloak currently unavailable)
rCorr    .         Harm     .   (gloves currently unavailable)
MR       .....     NoTele   +   (boots currently unavailable)
Stlth    +++.......             (no amulet)
HPRegen  0.12/turn              (no ring)
MPRegen  0.10/turn              (no ring)

@: tree-form, stab, very slightly contaminated
A: demonic guardian 1, nightstalker 1
a: no special abilities


You were on level 2 of the Dungeon.
You were not hungry.
You were a tree.
You visited 1 branch of the dungeon, and saw 2 of its levels.

You collected 43 gold pieces.

Inventory:

Hand Weapons
 d - a +0 spear (weapon)
Armour
 a - a +0 robe (melded)
 k - a +0 pair of gloves (melded)
Scrolls
 b - a scroll of enchant armour {unknown}
 e - a scroll of remove curse {unknown}
 i - a scroll of enchant weapon {unknown}
Potions
 h - a potion of haste {unknown}
Comestibles
 c - 4 rations


   Skills:
 - Level 1.7 Dodging
 - Level 1.7 Stealth
 + Level 2.2 Spellcasting
 - Level 3.0 Conjurations
 - Level 3.0 Fire Magic


You had 5 spell levels left.
You knew the following spells:

 Your Spells              Type           Power        Failure   Level  Hunger
h - Foxfire               Conj/Fire      ##..         5%          1    #......

Your spell library contained the following spells:

 Spells                   Type           Power        Failure   Level  Hunger
 Conjure Flame            Conj/Fire      ##......     17%         3    ###....
 Inner Flame              Hex/Fire       #.......     30%         3    ###....
 Sticky Flame             Conj/Fire      ##......     50%         4    #####..
 Fireball                 Conj/Fire      ##........   83%         5    ######.


Dungeon Overview and Level Annotations

Branches:
Dungeon (2/15)

Altars:


Innate Abilities, Weirdness & Mutations

A weak demonic guardian rushes to your aid.
You are slightly more attuned to the shadows.


Message History

Unknown command.
You miss something.
The foxfire hits something but does no damage.
The foxfire hits something.
Something hits you but does no damage.
You hit something. Something hits you but does no damage.
You hit something. Something hits you but does no damage.
You hit something.
Reactivating autopickup.
Training target 3.0 for Fire Magic reached!
Training target 3.0 for Conjurations reached!
Your Conjurations skill increases to level 3!
Your Fire Magic skill increases to level 3!
You need to enable at least one skill for training.
You have reached level 3!
Your experience leads to an increase in your attributes!
Increase (S)trength, (I)ntelligence, or (D)exterity?
You feel clever.
Your demonic ancestry asserts itself...
You feel the presence of a demonic guardian.
You feel a bit more experienced.
Are you sure you want to abandon this character and quit the game? (Confirm with "yes".)

#########
......>.#
#####
#######.##
#...#######
####...#####
#.7)...)).#
#<.........#
#...#####.#
#.##...###.#
##.## #.#
#.###.##
#.####.# #o#
#.# #.#
#.#....# #.#
#.# #.#
#....### #.#
#.#
#.####.....#
#.#####.#
#.#
#..........#
#....o...
######.....#
#########


There were no monsters in sight!

Vanquished Creatures
  An orc wizard (D:2)
  A gnoll (D:1)
  2 leopard geckos (D:1)
  2 orcs (D:2)
  A hobgoblin (D:1)
  A jackal (D:1)
  A bat (D:1)
  A goblin (D:1)
  A kobold (D:2)
11 creatures vanquished.

Vanquished Creatures (others)
  44 foxfires
44 creatures vanquished.

Grand Total: 55 creatures vanquished

Notes
Turn   | Place    | Note
-------+----------+-------------------------------------------
     0 | D:1      | Duffy the Demonspawn Fire Elementalist began the quest for
                  | the Orb.
     0 | D:1      | Reached XP level 1. HP: 13/13 MP: 3/3
   319 | D:1      | Gained mutation: You are slightly more attuned to the
                  | shadows. [demonic ancestry]
   319 | D:1      | Reached XP level 2. HP: 19/19 MP: 0/5
   735 | D:2      | Gained mutation: A weak demonic guardian rushes to your
                  | aid. [demonic ancestry]
   735 | D:2      | Reached XP level 3. HP: 24/24 MP: 0/6
   736 | D:2      | Quit the game

Illustrated notes

Levels and vault maps discovered:
D:1:      tarquinn_simple_flora_water_b, layout_rooms
D:2:      minmay_chambers_of_ones, layout_loops_ring, uniq_jessica, uniq_sigmund

Skill      XL: |  1  2 |
---------------+-------+-----
Conjurations   | 2 3 |  3.0
Fire Magic     | 3 |  3.0
Dodging        | |  1.7
Stealth        | |  1.7
Spellcasting   | |  2.2

Action                   || total
-------------------------++-------
Melee: Spear             ||    19
 Cast: Foxfire           ||    36
  Use: Potion            ||     2
Armor: Robe              ||     5
       Skin              ||    11
Dodge: Dodged            ||    12

Table legend:
 A = Non-vault XP
 B = Vault XP
 C = Vault XP percentage of total XP
 D = Non-vault monster count
 E = Vault monster count
 F = Vault count percentage of total count
                 A         B        C        D         E       F
            +---------+---------+-------+---------+---------+-------
      Total |      69 |       0 |   0.0 |      11 |       0 |   0.0
            +---------+---------+-------+---------+---------+-------
        D:1 |      26 |       0 |   0.0 |       7 |       0 |   0.0
        D:2 |      43 |       0 |   0.0 |       4 |       0 |   0.0
            +---------+---------+-------+---------+---------+-------
